 Dungeon Sprint DCSS version 0.17-a0-1625-g47e540b (webtiles) character file.

1197 Kidiri the Protected (level 8, 0/54 HPs)
             Began as a Gargoyle Fighter on Aug 2, 2015.
             Was a Believer of Okawaru.
             Slain by an unseen horror (8 damage)
             ... in the Dungeon (Sprint IX: "|||||||||||||||||||||||||||||").
             The game lasted 00:03:33 (462 turns).

Kidiri the Protected (Gargoyle Fighter)              Turns: 462, Time: 00:03:33

Health: 0/54       AC: 19    Str: 24    XL:     8   Next: 44%
Magic:  7/8        EV: 17    Int:  8    God:    Okawaru [**....]
Gold:   0          SH: 14    Dex: 14    Spells: 0 memorised, 7 levels left

rFire  . . .     SeeInvis .     q - +2 morningstar (crush)
rCold  . . .     Clarity  .     t - +2 ring mail
rNeg   + . .     SustAt   .     c - +0 shield
rPois  ∞         Gourm    .     s - +0 helmet
rElec  +         Spirit   .     (no cloak)
rCorr  .         Warding  .     r - +0 pair of gloves
rMut   .         NoTele   +     (no boots)
MR     .....                    (no amulet)
Stlth  ++........               v - +3 ring of dexterity
                                u - +3 ring of strength

@: heroism, not resistant to hostile enchantments, unstealthy
A: negative energy resistance 1, electricity resistance, unbreathing,
petrification resistance, rot immunity, AC +5
a: Heroism, Renounce Religion


You were in the Dungeon.
You worshipped Okawaru.
Okawaru was pleased with you.
You were not hungry.

You visited 1 branch

Inventory:

Hand weapons
 a - a +0 flail
 q - a +2 morningstar of crushing (weapon)
Armour
 b - a +0 scale mail
 c - a +0 shield (worn)
 r - a +0 pair of gloves (worn)
 s - a +0 helmet (worn)
 t - a +2 ring mail (worn)
Jewellery
 u - a +3 ring of strength (left hand)
 v - a +3 ring of dexterity (right hand)
Magical devices
 p - a wand of cold (7)
Scrolls
 k - 2 scrolls of blinking
 n - 3 scrolls of remove curse
 o - 2 scrolls of amnesia
Potions
 f - 4 potions of curing
 g - a potion of invisibility
 h - a potion of haste
 i - 4 potions of magic
 j - a potion of berserk rage
 m - 2 potions of heal wounds
Comestibles
 e - a bread ration
 l - 2 chunks of flesh


   Skills:
 + Level 7.8(12.8) Fighting
 * Level 9.3(14.3) Maces & Flails
 * Level 10.6(15.6) Armour
 + Level 5.2(10.2) Dodging
 * Level 10.4(15.4) Shields


You had 7 spell levels left.
You didn't know any spells.

Dungeon Overview and Level Annotations

Branches:
Dungeon (1/1)

Altars:
Cheibriados
Dithmenos
Elyvilon
Fedhas
Gozag
Kikubaaqudgha
Makhleb
Nemelex Xobeh
Okawaru
Qazlal
Ru
Sif Muna
Trog
Vehumet
Xom
Yredelemnul
Zin
The Shining One
Beogh
Jiyva
Lugonu


Innate Abilities, Weirdness & Mutations

You are resistant to torment.
Your stone body is resilient (AC +5).
You are immune to poison.
You resist negative energy.
You are resistant to electric shocks.
You can survive without breathing.
You are immune to petrification.
You are immune to rotting.


Message History

a hand axe; a tomahawk; an orc corpse You butcher the orc corpse.
Something hits you but does no damage. Something hits you.
* * * LOW HITPOINT WARNING * * *
There is an open door here.
Things that are here:
a hand axe; a tomahawk; 3 chunks of flesh Something barely misses you.
You hit something but do no damage. Something hits you but does no damage.
You block its attack.
You hit something but do no damage. You block its attack.
Something hits you but does no damage.
There is an open door here.
Things that are here:
a hand axe; a tomahawk; 3 chunks of flesh Something hits you!
* * * LOW HITPOINT WARNING * * *
Something barely misses you. Something hits you but does no damage.
You hit something. You block its attack. Something hits you!
You die... ▓▓▓▓▓▓▓▓▓▓▓▓▓▓▓▓▓▓▓▓▓▓ +....@.).)...÷(.....)| ▓▓▓▓▓▓▓▓▓▓▓▓▓▓▓▓▓▓▓▓▓▓

There were no monsters in sight!

Vanquished Creatures
  A hill giant (D)
  A troll (D)
  A yak (D)
  A necrophage (D)
  A sky beast (D)
  An ogre (D)
  A hound (D)
  2 crimson imps (D)
  2 shadow imps (D)
  An adder zombie (D)
  2 orcs (D)
  A hobgoblin (D)
  3 bats (D)
  A goblin (D)
  A jackal (D)
  A jackal skeleton (D)
21 creatures vanquished.

Notes
Turn   | Place    | Note
--------------------------------------------------------------
     0 | D        | Kidiri the Gargoyle Fighter began the quest for the Orb.
     0 | D        | Reached XP level 1. HP: 14/14 MP: 1/1
    62 | D        | Noticed a necrophage
    65 | D        | Reached skill level 4 in Armour
    65 | D        | Reached skill level 1 in Dodging
    65 | D        | Reached XP level 2. HP: 13/20 MP: 2/2
    79 | D        | Killed a necrophage
    79 | D        | Reached skill level 6 in Armour
    79 | D        | Reached skill level 5 in Shields
    79 | D        | Reached XP level 3. HP: 6/25 MP: 3/3
    79 | D        | Reached XP level 4. HP: 7/30 MP: 4/4
    85 | D        | HP: 1/30 [shadow imp (2)]
    89 | D        | Reached skill level 5 in Fighting
   217 | D        | Found a glowing silver altar of Zin.
   217 | D        | Found a glowing golden altar of the Shining One.
   217 | D        | Found an ancient bone altar of Kikubaaqudgha.
   217 | D        | Found a basalt altar of Yredelemnul.
   217 | D        | Found a shimmering altar of Xom.
   217 | D        | Found a radiant altar of Vehumet.
   218 | D        | Found an iron altar of Okawaru.
   229 | D        | Found a burning altar of Makhleb.
   230 | D        | Found a deep blue altar of Sif Muna.
   231 | D        | Found a bloodstained altar of Trog.
   232 | D        | Found a sparkling altar of Nemelex Xobeh.
   233 | D        | Found a white marble altar of Elyvilon.
   234 | D        | Found a roughly hewn altar of Beogh.
   235 | D        | Found a viscous altar of Jiyva.
   236 | D        | Became a worshipper of Warmaster Okawaru
   237 | D        | Found a corrupted altar of Lugonu.
   238 | D        | Found a blossoming altar of Fedhas.
   239 | D        | Found a snail-covered altar of Cheibriados.
   240 | D        | Found a shadowy altar of Dithmenos.
   241 | D        | Found a stormy altar of Qazlal.
   242 | D        | Found an opulent altar of Gozag.
   243 | D        | Found a sacrificial altar of Ru.
   294 | D        | Noticed a yak
   294 | D        | Noticed a sky beast
   294 | D        | Noticed a hound
   294 | D        | Noticed a crimson imp
   294 | D        | Noticed an ogre
   297 | D        | Killed an ogre
   297 | D        | Reached skill level 5 in Maces & Flails
   297 | D        | Reached skill level 7 in Armour
   297 | D        | Reached XP level 5. HP: 24/35 MP: 5/5
   303 | D        | Killed a crimson imp
   303 | D        | Reached XP level 6. HP: 27/41 MP: 6/6
   306 | D        | Killed a hound
   309 | D        | Killed a sky beast
   309 | D        | Reached skill level 8 in Armour
   310 | D        | Killed a yak
   310 | D        | Acquired Okawaru's first power
   310 | D        | Reached XP level 7. HP: 32/47 MP: 7/7
   420 | D        | Noticed a hill giant
   420 | D        | Noticed a crimson imp
   420 | D        | Noticed a troll
   437 | D        | Killed a crimson imp
   437 | D        | Reached skill level 9 in Armour
   444 | D        | Killed a troll
   449 | D        | Killed a hill giant
   449 | D        | Reached skill level 10 in Armour
   449 | D        | Reached skill level 5 in Dodging
   449 | D        | Reached skill level 10 in Shields
   449 | D        | Reached XP level 8. HP: 19/54 MP: 6/8
   462 | D        | Slain by an unseen horror

Vault maps used:
D:        linesprint

Action                   |  1- 3 |  4- 6 |  7- 9 || total
-------------------------+-------+-------+-------++-------
Melee: Flail             |    28 |     9 |       ||    37
       Morningstar       |       |    14 |    30 ||    44
Invok: Heroism           |       |       |     1 ||     1
  Use: Potion            |       |     2 |     1 ||     3
